 Dungeon Crawl Stone Soup version 0.21-a0-49-g7bf2ba4 (webtiles) character file.

107 roguesci the Ruffian (level 4, 0/38 HPs)
             Began as a Naga Transmuter on June 9, 2017.
             Succumbed to an adder's poison
             ... on level 3 of the Dungeon.
             The game lasted 00:06:38 (3101 turns).

roguesci the Ruffian (Naga Transmuter)              Turns: 3101, Time: 00:06:39

Health: 0/38       AC:  3    Str: 17    XL:     4   Next: 86%
Magic:  1/7        EV: 16    Int: 15    God:
Gold:   129        SH:  0    Dex: 16    Spells: 3/7 levels left

rFire    . . .     SeeInvis +     - Unarmed
rCold    . . .     Gourm    .   (no shield)
rNeg     . . .     Faith    .   b - +0 robe
rPois    +         Spirit   .   (no helmet)
rElec    .         Reflect  .   h - +0 cloak
rCorr    .         Harm     .   (no gloves)
MR       .....                  (no barding)
Stlth    +++.......             (no amulet)
Regen    0.2/turn               (no ring)
MPRegen  0.1/turn               (no ring)

@: mighty, agile, lethally poisoned (0 -> -3), flying, very slightly
contaminated, hasted, quick
A: see invisible, deformed body, poison resistance, slowness 2, slow metabolism
1, spit poison 1, AC +1
a: Spit Poison


You were on level 3 of the Dungeon.
You were not hungry.

You visited 1 branch of the dungeon, and saw 3 of its levels.

You collected 129 gold pieces.

Inventory:

Missiles
 a - 12 arrows
 g - 59 stones (quivered)
Armour
 b - a +0 robe (worn)
 h - a +0 cloak (worn)
Scrolls
 e - a scroll of recharging {unknown}
 f - a scroll of identify {unknown}
 m - 4 scrolls of amnesia {unknown}
 n - a scroll of teleportation {unknown}
 q - a scroll of random uselessness {unknown}
 s - a scroll of enchant weapon {unknown}
Potions
 i - a potion of agility
 j - a potion of might
 l - a potion of haste
 p - a potion of ambrosia {unknown}
Books
 c - a book of Changes

   Spells                             Type                      Level
   a - Beastly Appendage              Transmutation                1
   b - Sticks to Snakes               Transmutation                2
   c - Spider Form                    Transmutation/Poison         3
   d - Ice Form                       Ice/Transmutation            4
   e - Blade Hands                    Transmutation                5
Comestibles
 d - a bread ration
 o - a meat ration
 r - 2 chunks of flesh


   Skills:
 * Level 1.6 Fighting
 * Level 2.4 Dodging
 + Level 2.2 Stealth
 + Level 3.5 Unarmed Combat
 + Level 2.2 Spellcasting
 + Level 2.8 Transmutations
 + Level 0.6 Poison Magic


You had 3 spell levels left.
You knew the following spells:

 Your Spells              Type           Power        Failure   Level  Hunger
a - Beastly Appendage     Tmut           ##....       7%          1    #......
b - Spider Form           Tmut/Pois      #.........   32%         3    ###....


Dungeon Overview and Level Annotations

Branches:
Dungeon (3/15)

Altars:


Innate Abilities, Weirdness & Mutations

You cannot wear boots.
Your serpentine skin is tough. (AC +1)
You have supernaturally acute eyesight. (SInv)
Armour fits poorly on your strangely shaped body.
Your system is resistant to poisons. (rPois)
You cover ground very slowly.
You have a slow metabolism.
You can spit poison.


Message History

The adder bites you.
* * * LOW HITPOINT WARNING * * *
You are poisoned.
The adder poisons you!
You closely miss the adder.
The adder is almost dead.
You feel sick. The adder bites you.
* * * LOW HITPOINT WARNING * * *
You barely miss the adder.
The adder is almost dead.
The adder bites you.
* * * LOW HITPOINT WARNING * * *
The adder bites you.
* * * LOW HITPOINT WARNING * * *
It was a potion of haste.
You feel yourself speed up. The adder barely misses you.
It was a potion of flight.
You feel very buoyant.
You fly up into the air.
You die...

#........###.#<....#
#............#'#####
#...................
#.....#....)....####
###'#...........+
#.....#.#####...#
#.#.#.#.# #...#
#.#.#.#.# #...# .
#@#.#.# #...# #.
#S#.# ##### # #)#.#
#.. .##. . .# .. #
.. #..


You could see an adder.

Vanquished Creatures
  An orc wizard (D:3)
  An adder (D:1)
  3 worms (D:2)
  A dart slug (D:2)
  A leopard gecko (D:1)
  2 orcs (D:3)
  2 giant cockroaches
  3 goblins
  9 hobgoblins
  7 jackals (D:1)
  5 kobolds
  2 quokkas (D:2)
  12 bats
  2 frilled lizards
  6 rats
57 creatures vanquished.

Notes
Turn   | Place    | Note
-------+----------+-------------------------------------------
     0 | D:1      | roguesci the Naga Transmuter began the quest for the Orb.
     0 | D:1      | Reached XP level 1. HP: 18/18 MP: 3/3
    86 | D:1      | Reached XP level 2. HP: 9/25 MP: 3/5
  1095 | D:1      | Reached XP level 3. HP: 26/31 MP: 4/6
  1103 | D:1      | Learned a level 3 spell: Spider Form
  1934 | D:2      | Reached XP level 4. HP: 38/38 MP: 3/7
  2494 | D:2      | Reached skill level 1 in Stealth
  3099 | D:3      | HP: 1/38 [adder (2)]
  3101 | D:3      | Succumbed to an adder's poison

Vault maps used:
D:1:      dpeg_arrival_round_c
D:3:      marbit_many_paths, kennysheep_generic_room_3

Skill      XL: |  1  2  3  4 |
---------------+-------------+-----
Dodging        | 2 |  2.4
Stealth        | 2 |  2.2
Fighting       | |  1.6
Unarmed Combat | |  3.5
Spellcasting   | |  2.2
Transmutations | |  2.8
Poison Magic   | |  0.6

Action                   |  1- 3 |  4- 6 || total
-------------------------+-------+-------++-------
Melee: Unarmed           |   143 |   109 ||   252
       Headbutt          |     3 |       ||     3
       Punch             |     2 |     1 ||     3
Throw: Stone             |     1 |       ||     1
 Cast: Beastly Appendage |     7 |       ||     7
       Spider Form       |     3 |     2 ||     5
  Use: Potion            |       |     4 ||     4
  Eat: Chunk             |     3 |     3 ||     6
Armor: Robe              |    57 |    12 ||    69
       Skin              |       |     2 ||     2
Dodge: Dodged            |   117 |    83 ||   200
